 Dungeon Crawl Stone Soup version 0.22-a0-458-gb446440 (console) character file.

511378 greencloud the Slayer (level 25, -10/123 HPs)
             Began as a Gargoyle Fighter on June 7, 2018.
             Was a High Priest of Qazlal.
             Killed from afar by a starcursed mass (12 damage)
             ... with an accursed screaming
             ... on level 2 of the Abyss on June 9, 2018.
             The game lasted 05:34:10 (48714 turns).

greencloud the Slayer (Gargoyle Fighter)           Turns: 48714, Time: 05:34:11

Health: -10/123    AC: 54    Str: 26    XL:     25   Next: 10%
Magic:  24/24      EV: 11    Int:  8    God:    Qazlal [*****.]
Gold:   1953       SH: 29    Dex:  9    Spells: 24/24 levels left

rFire    + + .     SeeInvis .   l - +7 whip (elec)
rCold    + + +     Gourm    .   S - +0 large shield {reflect}
rNeg     + . .     Faith    +   O - +2 plate armour {rF+}
rPois    ∞         Spirit   .   e - +2 helmet
rElec    +         Reflect  +   x - +2 cloak
rCorr    .         Harm     .   Q - +2 pair of gloves
MR       .....     Rnd*Rage +   J - +2 pair of boots "Ceski" {Regen+} Stlth ..........Rnd*Tele +
                                R - amulet of faith
HPRegen  0.00/turn              d - ring "Koch" {+Blink rPois rC+++ MR- Str+3}
MPRegen  0.19/turn              m - ring of protection from fire

@: about to teleport, protected from physical damage, berserk cooldown, flying,
hasted, repel missiles, very quick
A: big wings, [berserk 3], [blurry vision 3], [clumsy 2], [deformed body],
[deterioration 2], [dopey 2], [frail 3], [low mp 3], negative energy resistance
1, [screaming 3], electricity resistance, [inhibited regeneration], strong 1,
[teleportitis 3], [weak 2], unbreathing, petrification resistance, [no potion
heal 3], rot immunity, [subdued magic 3], AC +19
}: 3/15 runes: serpentine, barnacled, silver
a: Stop Flying, Upheaval, Elemental Force, Disaster Area, Renounce Religion,
Evoke Blink


You were on level 2 of the Abyss.
You worshipped Qazlal.
Qazlal was extremely pleased with you.
You were not hungry.

You visited 8 branches of the dungeon, and saw 41 of its levels.
You visited the Abyss 2 times.
You also visited: Labyrinth and Ice Cave.

You collected 6754 gold pieces.
You spent 4801 gold pieces at shops.

Inventory:

Hand Weapons
 a - the +8 whip "Snakebite" {curare, rPois}
   (You acquired it on level 1 of the Lair of Beasts)

   It poisons the flesh of those it strikes.
   It protects you from poison.
 b - a +6 hand crossbow of freezing
 g - a +1 morningstar of chaos
 l - a +7 whip of electrocution (weapon)
 M - the +7 mace of Action {speed, rElec rC+ Dex+5}
   (You found it on level 2 of the Depths)

   Attacks with this weapon are significantly faster.
   It affects your dexterity (+5).
   It protects you from cold.
   It insulates you from electricity.
Missiles
 V - 1417 bolts
Armour
 e - a +2 helmet (worn)
 x - a +2 cloak (worn)
 y - the +4 plate armour of Vanity {+Inv rC+ MR+ Str+2}
   (You found it on level 5 of the Vaults)

   It affects your strength (+2).
   It protects you from cold.
   It affects your resistance to hostile enchantments.
   It lets you turn invisible.
 I - a +10 plate armour of cold resistance
 J - the +2 pair of boots "Ceski" (worn) {Regen+}
   (You bought it in a shop on level 10 of the Dungeon)

   It increases your rate of regeneration.
 O - a +2 plate armour of fire resistance (worn)
 Q - a +2 pair of gloves (worn)
 S - a +0 large shield of reflection (worn)
Jewellery
 d - the ring "Koch" (left hand) {+Blink rPois rC+++ MR- Str+3}
   (You took it off a fire giant on level 5 of the Vaults)

   [ring of strength]

   It affects your strength (+3).
   It renders you almost immune to cold.
   It protects you from poison.
   It affects your resistance to hostile enchantments.
   It lets you blink.
 k - an uncursed ring of protection from cold
 m - a ring of protection from fire (right hand)
 w - the ring of Eplel {rC- MR+ Int+3 Dex+4 Stlth+}
   (You took it off a yaktaur captain on level 5 of the Vaults)

   [ring of intelligence]

   It affects your intelligence (+3).
   It affects your dexterity (+4).
   It makes you vulnerable to cold.
   It affects your resistance to hostile enchantments.
   It makes you more stealthy.
 N - the ring "Zinyg" {rElec MR+ Int+4}
   (You found it in a labyrinth)

   [ring of intelligence]

   It affects your intelligence (+4).
   It insulates you from electricity.
   It affects your resistance to hostile enchantments.
 R - an amulet of faith (around neck)
Wands
 i - a wand of disintegration (53)
 j - a wand of iceblast (45)
 t - a wand of digging (64)
 F - a wand of paralysis (56)
 L - a wand of polymorph (57)
 P - a wand of enslavement (61)
Scrolls
 c - a scroll of silence
 n - 11 scrolls of enchant armour
 o - 3 scrolls of fear
 v - 7 scrolls of teleportation
 C - 8 scrolls of immolation
 E - 6 scrolls of blinking
 G - a scroll of holy word
 H - 6 scrolls of identify
 W - 4 scrolls of fog
 Y - 10 scrolls of remove curse
 Z - 8 scrolls of magic mapping
Potions
 h - 2 potions of haste
 p - 2 potions of agility
 q - 6 potions of ambrosia
 r - 6 potions of invisibility
 s - 2 potions of cancellation
 u - 12 potions of curing
 z - 6 potions of mutation
 B - 4 potions of resistance
 D - 6 potions of brilliance
 U - a potion of might
Miscellaneous
 A - a lightning rod (4/4)
 K - a fan of gales
 T - a lamp of fire
 X - a phial of floods
Comestibles
 f - 49 rations


   Skills:
 + Level 23.2 Fighting
 - Level 16.0 Maces & Flails
 - Level 10.0 Crossbows
 - Level 20.4 Armour
 - Level 8.6 Dodging
 * Level 19.5 Shields
 - Level 16.0 Invocations
 - Level 8.0 Evocations


You had 24 spell levels left.
You didn't know any spells.
Your spell library contained the following spells:

 Spells                   Type           Power        Failure   Level  Hunger
 Magic Dart               Conj           #...         98%         1    ##.....
 Fireball                 Conj/Fire      #.........   100%        5    ######.
 Apportation              Tloc           #.....       98%         1    ##.....
 Conjure Flame            Conj/Fire      #.......     100%        3    ####...
 Bolt of Magma            Conj/Fire/Erth #.........   100%        5    ######.
 Slow                     Hex            #.......     99%         2    ###....
 Confuse                  Hex            #.......     100%        3    ####...
 Throw Flame              Conj/Fire      #.....       99%         2    ###....
 Throw Frost              Conj/Ice       #.....       99%         2    ###....
 Controlled Blink         Tloc           N/A          100%        8    #######
 Mephitic Cloud           Conj/Pois/Air  #.......     100%        3    ####...
 Venom Bolt               Conj/Pois      #.........   100%        5    ######.
 Olgreb's Toxic Radiance  Pois           #.......     100%        4    #####..
 Summon Small Mammal      Summ           #...         98%         1    ##.....
 Bolt of Draining         Conj/Necr      #.........   100%        5    ######.
 Blink                    Tloc           N/A          99%         2    ###....
 Iskenderun's Mystic Bla  Conj           #.......     100%        4    #####..
 Animate Skeleton         Necr           N/A          98%         1    ##.....
 Freeze                   Ice            #...         98%         1    ##.....
 Sticky Flame             Conj/Fire      #.......     100%        4    #####..
 Summon Ice Beast         Ice/Summ       #.......     100%        4    #####..
 Ozocubu's Armour         Chrm/Ice       #.......     100%        3    ####...
 Call Imp                 Summ           #.......     99%         2    ###....
 Sting                    Conj/Pois      #...         98%         1    ##.....
 Sublimation of Blood     Necr           #.........   99%         2    ###....
 Tukima's Dance           Hex            #.......     100%        3    ####...
 Corpse Rot               Necr           N/A          99%         2    ###....
 Iron Shot                Conj/Erth      #.........   100%        6    #######
 Stone Arrow              Conj/Erth      #.....       100%        3    ####...
 Swiftness                Chrm/Air       #.......     99%         2    ###....
 Statue Form              Tmut/Erth      #........    100%        6    #######
 Death Channel            Necr           #.........   100%        6    #######
 Throw Icicle             Conj/Ice       #.......     100%        4    #####..
 Confusing Touch          Hex            #.....       98%         1    ##.....
 Flame Tongue             Conj/Fire      #....        98%         1    ##.....
 Passwall                 Tmut/Erth      #.......     99%         2    ###....
 Sticks to Snakes         Tmut           #.......     99%         2    ###....
 Call Canine Familiar     Summ           #.......     100%        3    ####...
 Ensorcelled Hibernation  Hex/Ice        #.....       99%         2    ###....
 Shatter                  Erth           #.........   100%        9    #######
 Dispersal                Tloc           #.........   100%        6    #######
 Corona                   Hex            #......      98%         1    ##.....
 Lee's Rapid Deconstruct  Erth           #.........   100%        5    ######.
 Sandblast                Erth           #.....       98%         1    ##.....
 Portal Projectile        Hex/Tloc       #.....       100%        3    ####...
 Petrify                  Tmut/Erth      #.......     100%        4    #####..
 Leda's Liquefaction      Hex/Erth       #.........   100%        4    #####..
 Inner Flame              Hex/Fire       #.......     100%        3    ####...
 Beastly Appendage        Tmut           #.....       98%         1    ##.....
 Disjunction              Tloc           #.........   100%        8    #######
 Iskenderun's Battlesphe  Conj/Chrm      #.......     100%        5    ######.
 Fulminant Prism          Conj/Hex       #.........   100%        4    #####..
 Dazzling Spray           Conj/Hex       #.....       100%        3    ####...
 Force Lance              Conj/Tloc      #.......     100%        4    #####..
 Spectral Weapon          Hex/Chrm       #.......     100%        3    ####...
 Searing Ray              Conj           #.....       99%         2    ###....
 Summon Lightning Spire   Summ/Air       #.......     100%        4    #####..
 Summon Guardian Golem    Hex/Summ       #.......     100%        3    ####...
 Gell's Gravitas          Tloc           #.........   100%        3    ####...
 Poisonous Vapours        Pois/Air       #.....       99%         2    ###....


Dungeon Overview and Level Annotations

Branches:
Dungeon (15/15)            Temple (0/1) D:7            Lair (6/6) D:10
 Shoals (4/4) Lair:3        Snake (4/4) Lair:4        Slime (2/5) Lair:6
    Orc (2/2) D:12            Elf (0/3) Orc:2        Vaults (5/5) D:13
  Crypt (0/3) Vaults:3     Depths (3/5) D:15

Altars:
Fedhas
Nemelex Xobeh
Okawaru
Qazlal
Ru
Sif Muna
Trog
Uskayaw
Yredelemnul
Beogh

Shops:
D:8 [   D:10 [   Orc:2 (*[:   Shoals:2 *   Shoals:3 :   Snake:3 !   Vaults:1 (
Vaults:3 *

Portals:
Hell: Depths:1 Depths:2
Abyss: Depths:2
Trove: Depths:1 (give 5 scrolls of blinking)

Annotations:
D:5 Blork the orc; vtjosher's ghost, amateur HOBe
Vaults:3 Boris


Innate Abilities, Weirdness & Mutations

You are resistant to torment.
Your stone body is resilient. (AC +19)
You are immune to poison.
Your large and strong wings let you fly indefinitely.
You resist negative energy. (rN+)
You are resistant to electric shocks. (rElec)
You can survive without breathing.
You are immune to petrification.
You are immune to rotting.
Your muscles are strong. (Str +2)
[You have an uncontrollable temper.]
[Scrolls take you much longer to read.]
[You are very clumsy. (Dex -4)]
[Armour fits poorly on your strangely shaped body.]
[Your body often deteriorates upon taking damage.]
[You are very dopey. (Int -4)]
[You are extremely frail. (-30% HP)]
[Your magical capacity is extremely low. (-30% MP)]
[You frequently scream uncontrollably at your foes.]
[You do not regenerate when monsters are visible.]
[You are often teleported next to monsters.]
[You are very weak. (Str -4)]
[Potions cannot restore your health.]
[Your spells are much easier to cast, but much less powerful.]


Message History

You are under both slowing and hasting effects.
You repel missiles.
Your flying speed is average.
Your attack speed is very fast (and cannot be improved with additional weapon skill) (and is slowed by your insufficient shield skill).
Your base attributes are Str 25, Int 12, Dex 13.
Really read with blurry vision while enemies are nearby?
Something hits you but does no damage.
A starcursed mass splits. x2
A deafening chorus of shrieks assaults your mind!
* * * LOW HITPOINT WARNING * * *
You suddenly lose the ability to move!
You can move again.
You begin reading the scroll.
You continue reading the scroll.
A deafening chorus of shrieks assaults your mind!
* * * LOW HITPOINT WARNING * * *
You shrug off the repeated paralysis!
Something hits you but does no damage.
The starcursed mass engulfs you but does no damage.
You continue reading the scroll.
You feel yourself speed up.
A starcursed mass splits.
A deafening chorus of shrieks assaults your mind!
You die...

#. ..# . ... #
# #.##. # ..
.#.# ##. #
..###### #
.#...#..# .. #.
#.[ . #..#
.###.#.....#
#.#.....#X###.#
..#....##X@#
#### #XxX##{#
#X##.#...
#...#.#####
####X#X# #{.##
##


You could see 5 starcursed masses and a small abomination.

Vanquished Creatures
  Mennas (Vaults:1)
  Frederick (Depths:3)
  Bai Suzhen (Shoals:4)
  Vashnia (Snake:2)
  2 caustic shrikes (Depths:3)
  Jory (Vaults:3)
  3 golden dragons
  3 large abominations
  the Enchantress (Depths:2)
  Rupert (D:13)
  5 liches
  An Ice Fiend (IceCv)
  2 titans
  2 quicksilver dragons (Vaults:5)
  Polyphemus (Shoals:2)
  A kraken (Shoals:3)
  Frances (D:13)
  Kirke (D:13)
  An acid blob (Slime:2)
  8 sphinxes
  10 tengu reavers
  11 nagarajas
  3 storm dragons (Vaults:5)
  5 shadow dragons
  7 fire giants
  Ilsuiw (Shoals:4)
  A fire giant (shapeshifter) (Depths:1)
  2 deep elf sorcerers
  2 orc warlords
  6 frost giants
  2 emperor scorpions (Depths:2)
  2 ghost moths (Depths:2)
  3 deep elf elementalists (Vaults:5)
  10 vault wardens
  Aizul (Shoals:2)
  Louise (Shoals:2)
  12 ironheart preservers
  3 war gargoyles
  13 stone giants
  10 very ugly things
  3 spriggan defenders (Depths:2)
  A vampire knight (Depths:3)
  3 deep elf demonologists (Vaults:5)
  The ghost of devnull the Thaumaturge, a journeyman GnWr of Ru (Lair:6)
  A spark wasp (shapeshifter) (Vaults:3)
  Nessos (D:14)
  5 deep elf annihilators
  A minotaur (Lab)
  4 merfolk javelineers
  12 small abominations
  13 ettins
  4 deep elf death magi
  A green death (Depths:2)
  A crystal guardian (Vaults:3)
  3 deep elf high priests
  5 fire dragons
  16 merfolk impalers
  Josephine (Snake:1)
  9 ogre magi
  12 yaktaur captains
  6 great orbs of eyes
  28 vault guards
  2 ice dragons
  A hell beast (Depths:1)
  6 rakshasas
  21 naga warriors
  5 hydras
  3 catoblepae
  Erica (Lair:1)
  4 death knights
  3 merfolk avatars
  4 spriggan air magi
  9 centaur warriors
  9 anacondas
  An alligator snapping turtle (Shoals:4)
  2 satyrs
  A hydra (shapeshifter) (Vaults:5)
  31 two-headed ogres
  7 deep troll shamans
  3 merfolk aquamancers (Shoals:4)
  11 tengu warriors
  3 death yaks (Shoals:1)
  10 deep troll earth magi
  15 naga sharpshooters
  4 spriggan berserkers (Depths:3)
  A titan zombie (Depths:1)
  Sonja (Lair:1)
  8 orc high priests
  7 shock serpents
  A soul eater (Depths:3)
  4 deep elf knights
  A wretched star (Abyss:2)
  A hell knight (Vaults:4)
  3 salamander mystics
  8 skeletal warriors
  2 iron trolls
  2 shadow wraiths
  14 sea snakes
  A flayed ghost (Depths:1)
  3 unseen horrors
  19 deep trolls
  3 glowing orange brains
  5 phantasmal warriors
  4 deep elf archers
  2 wizards
  15 ironbrand convokers
  36 harpies
  5 orc sorcerers
  22 deep elf magi
  A wolf spider (Depths:2)
  15 orc knights
  7 mana vipers
  A necromancer (D:12)
  20 fauns
  37 ugly things
  A moth of wrath (shapeshifter) (Vaults:1)
  18 salamanders
  7 cyclopes
  21 elephants
  15 manticores
  9 rust devils
  9 merfolk sirens
  7 water nymphs
  A guardian serpent (shapeshifter) (Depths:2)
  An ice statue (IceCv)
  Maurice (D:11)
  6 guardian serpents
  15 vault sentinels
  A torpor snail (shapeshifter) (Depths:2)
  A torpor snail (Lair:6)
  25 black mambas
  A molten gargoyle (Lair:3)
  12 spiny frogs
  17 naga magi
  A spiny frog (shapeshifter) (Vaults:1)
  A rime drake (Lair:6)
  3 kobold demonologists
  8 komodo dragons
  5 freezing wraiths
  A red devil (Depths:3)
  A komodo dragon (shapeshifter) (Vaults:4)
  43 yaktaurs
  An efreet (D:15)
  4 tengu conjurers
  A minotaur skeleton (Lab)
  2 golden dragon simulacra (IceCv)
  5 ice devils
  27 merfolk
  A queen bee (shapeshifter) (Vaults:5)
  2 meliai (shapeshifter)
  A jumping spider (shapeshifter) (Vaults:4)
  6 jumping spiders (Depths:2)
  7 trolls
  3 wolf spider simulacra (IceCv)
  A wind drake (shapeshifter) (Depths:1)
  6 polar bears
  5 raiju (Abyss:2)
  8 hornets
  13 blink frogs
  3 wind drakes
  9 dream sheep
  A raiju (shapeshifter) (Vaults:5)
  36 slime creatures
  11 hippogriffs
  2 blink frogs (shapeshifter)
  A fire giant simulacrum (Vaults:1)
  3 flying skulls (Depths:3)
  8 snapping turtles
  2 redbacks (Lab)
  17 spriggans
  25 yaks
  10 wraiths
  4 shadows
  3 wyverns
  5 water elementals
  3 dire elephant simulacra (IceCv)
  2 basilisks
  3 fire elementals (D:14)
  2 humans (D:13)
  A fire bat (shapeshifter) (Vaults:4)
  6 hungry ghosts
  2 tarantellas (Depths:2)
  A neqoxec (Abyss:2)
  6 vampire mosquitoes
  2 yaktaur simulacra (Vaults:1)
  2 death yak simulacra (IceCv)
  A steam dragon (D:11)
  Edmund (D:6)
  2 acid dragons
  A harpy simulacrum (IceCv)
  An insubstantial wisp (Abyss:2)
  A swamp worm (shapeshifter) (Vaults:5)
  6 wargs
  66 nagas
  3 iron troll simulacra (IceCv)
  5 hydra simulacra (IceCv)
  A floating eye (shapeshifter) (Vaults:1)
  21 water moccasins
  5 hell hounds
  19 porcupines
  5 sky beasts
  7 ice beasts
  5 black bears
  9 boggarts
  A phantom (D:10)
  40 orc warriors
  An ettin simulacrum (IceCv)
  34 ogres
  14 wolves (Lair:6)
  9 centaurs
  13 big kobolds
  10 crocodiles
  19 bullfrogs
  3 scorpions
  4 killer bees (D:11)
  An elephant simulacrum (IceCv)
  9 wights
  10 howler monkeys
  5 electric eels
  6 crimson imps
  A draconian simulacrum (IceCv)
  5 centaur zombies
  9 hounds
  A gnoll shaman (D:6)
  7 jellies
  21 orc priests
  31 orc wizards
  5 bullfrog skeletons
  A bullfrog zombie (D:13)
  7 centaur skeletons
  4 iguanas
  2 polar bear simulacra (D:12)
  3 troll simulacra (IceCv)
  9 worker ants
  3 spriggan simulacra (IceCv)
  A wolf simulacrum (D:12)
  7 yak simulacra (D:12)
  A centaur simulacrum (IceCv)
  4 hound skeletons
  A howler monkey zombie (D:6)
  9 gnolls
  A naga simulacrum (IceCv)
  13 adders
  A howler monkey skeleton (D:7)
  4 ogre simulacra (IceCv)
  2 shadow imps
  10 white imps (IceCv)
  6 ufetubi
  2 oozes
  3 adder skeletons
  A dart slug (D:3)
  6 leopard geckos
  92 orcs
  3 ball pythons
  5 giant cockroaches
  8 goblins
  10 hobgoblins
  9 jackals
  33 kobolds
  6 quokkas
  9 bats
  6 frilled lizards
  A quokka skeleton (D:5)
  2 quokka zombies
  10 rats
  A river rat simulacrum (D:12)
  5 crawling corpses
  A fungus (Lair:6)
  A plant (Shoals:3)
  A tentacle (Shoals:3)
1895 creatures vanquished.

Vanquished Creatures (collateral kills)
  2 acid blobs (Slime:1)
  Azrael (D:14)
  Fannar (D:10)
  A hydra (D:14)
  4 vault guards
  A centaur warrior (D:13)
  2 orc high priests (Orc:2)
  A naga sharpshooter (Snake:4)
  A salamander (Snake:4)
  2 guardian serpents (Snake:3)
  A naga mage (Snake:4)
  Psyche (D:11)
  A black mamba (Snake:4)
  A naga (Snake:3)
  An orc warrior (Orc:2)
  A jelly (D:13)
  A hound (D:13)
  4 kobolds
27 creatures vanquished.

Vanquished Creatures (others)
  A caustic shrike (Depths:3)
  A lich (Depths:1)
  A ghost moth (Depths:2)
  2 stone giants
  A green death (Depths:2)
  A fire dragon (Depths:2)
  A yaktaur captain (Depths:2)
  A centaur warrior (Depths:1)
  A merfolk avatar (Shoals:4)
  A merfolk aquamancer (Shoals:4)
  A tengu warrior (Depths:3)
  2 ogre magi
  A deep troll (Vaults:4)
  A harpy (Shoals:2)
  A deep elf mage (Vaults:5)
  8 yaktaurs
  A rime drake (shapeshifter) (D:14)
  A merfolk (Shoals:4)
  A raiju (Abyss:2)
  A warg (Vaults:4)
  2 nagas
  An eye of draining (shapeshifter) (Depths:1)
  A worker ant (D:14)
  2 white imps (IceCv)
  A crawling corpse (Vaults:5)
  29 fungi
  9 plants
  6 tentacles (Shoals:3)
80 creatures vanquished.

Grand Total: 2002 creatures vanquished

Notes
Turn   | Place    | Note
-------+----------+-------------------------------------------
     0 | D:1      | greencloud the Gargoyle Fighter began the quest for the Orb.
     0 | D:1      | Reached XP level 1. HP: 14/14 MP: 1/1
   335 | D:1      | Reached XP level 2. HP: 19/19 MP: 2/2
   467 | D:1      | You fall through a shaft!
   585 | D:2      | Reached XP level 3. HP: 24/24 MP: 3/3
  1141 | D:3      | Reached skill level 4 in Fighting
  1176 | D:3      | Reached XP level 4. HP: 28/29 MP: 4/4
  1468 | D:4      | Found a hide-covered altar of Uskayaw.
  1494 | D:4      | HP: 1/30 [iguana (2)]
  1496 | D:4      | Reached XP level 5. HP: 11/34 MP: 5/5
  1946 | D:4      | Reached skill level 5 in Maces & Flails
  2018 | D:5      | Entered Level 5 of the Dungeon
  2069 | D:5      | Noticed a sky beast
  2127 | D:5      | Killed a sky beast
  2127 | D:5      | Reached skill level 5 in Fighting
  2127 | D:5      | Reached XP level 6. HP: 26/40 MP: 6/6
  2234 | D:5      | Found a stormy altar of Qazlal.
  2305 | D:5      | Noticed vtjosher's ghost (amateur HOBe)
  2339 | D:5      | Became a worshipper of Qazlal Stormbringer
  3076 | D:5      | Noticed Blork the orc
  3085 | D:5      | Found a deep blue altar of Sif Muna.
  3756 | D:6      | Reached XP level 7. HP: 42/44 MP: 7/7
  4358 | D:6      | Noticed Edmund
  4364 | D:6      | Killed Edmund
  4364 | D:6      | Reached skill level 6 in Fighting
  4364 | D:6      | Reached skill level 1 in Dodging
  4493 | D:3      | Reached * piety under Qazlal
  5216 | D:6      | HP: 2/46 [orc warrior/war axe (9)]
  5230 | D:6      | Reached XP level 8. HP: 5/52 MP: 8/8
  5931 | D:7      | Found a staircase to the Ecumenical Temple.
  6189 | D:7      | Reached skill level 5 in Armour
  6302 | D:7      | Found a basalt altar of Yredelemnul.
  6365 | D:7      | Reached XP level 9. HP: 56/56 MP: 9/9
  7221 | D:8      | Reached skill level 7 in Fighting
  7240 | D:8      | Noticed a two-headed ogre
  7251 | D:8      | Killed a two-headed ogre
  7251 | D:8      | Reached skill level 10 in Maces & Flails
  7281 | D:8      | Found Eshraschie's Armour Emporium.
  7340 | D:8      | Found a sacrificial altar of Ru.
  7340 | D:8      | Found a sparkling altar of Nemelex Xobeh.
  7396 | D:8      | Noticed a two-headed ogre
  7411 | D:8      | Killed a two-headed ogre
  7411 | D:8      | Reached ** piety under Qazlal
  7411 | D:8      | Reached XP level 10. HP: 36/64 MP: 10/10
  7420 | D:8      | Reached skill level 8 in Fighting
  7497 | D:8      | Found an iron altar of Okawaru.
  7609 | D:8      | Noticed a two-headed ogre
  7620 | D:8      | Killed a two-headed ogre
  7689 | D:8      | Noticed a two-headed ogre
  7711 | D:8      | Killed a two-headed ogre
  7951 | D:9      | Noticed a two-headed ogre
  7986 | D:9      | Killed a two-headed ogre
  7986 | D:9      | Reached skill level 9 in Fighting
  8210 | D:9      | Reached XP level 11. HP: 49/71 MP: 14/14
  8336 | D:9      | Noticed a two-headed hydra
  8347 | D:9      | Killed a two-headed hydra
  8539 | D:9      | Reached skill level 5 in Invocations
  8600 | D:9      | Reached skill level 10 in Fighting
  8886 | D:10     | Entered Level 10 of the Dungeon
  8886 | D:10     | Found Weynutt's Antique Armour Boutique.
  8913 | D:10     | Reached *** piety under Qazlal
  8927 | D:10     | Bought a heavily runed scale mail for 207 gold pieces
  8927 | D:10     | Bought a pair of scorched boots for 218 gold pieces
  8932 | D:10     | Identified the +2 pair of boots "Ceski" {Regen+} (You bought it in a shop on level 10 of the Dungeon)
  8942 | D:10     | Identified the +6 scale mail of Articulation {rF+} (You bought it in a shop on level 10 of the Dungeon)
  9323 | D:10     | Noticed Fannar
  9361 | D:10     | Killed Fannar
  9459 | D:10     | Noticed a five-headed hydra
  9469 | D:10     | Killed a five-headed hydra
  9536 | D:10     | Noticed a manticore
  9565 | D:10     | Killed a manticore
  9629 | D:10     | Noticed a deep elf mage
  9637 | D:10     | Killed a deep elf mage
  9637 | D:10     | Reached skill level 5 in Shields
  9816 | D:10     | Killed an unseen horror
 10007 | D:10     | Found a staircase to the Lair.
 10269 | D:11     | Killed an unseen horror
 10269 | D:11     | Reached skill level 11 in Fighting
 10305 | D:11     | Reached XP level 12. HP: 80/80 MP: 17/17
 10437 | D:11     | Found a bloodstained altar of Trog.
 10509 | D:11     | Noticed Psyche
 10517 | D:11     | Killed Psyche
 10527 | D:11     | Noticed Maurice
 10540 | D:11     | Killed Maurice
 10891 | D:12     | Reached **** piety under Qazlal
 10932 | D:12     | Reached skill level 12 in Fighting
 11078 | D:12     | Found a staircase to the Orcish Mines.
 11185 | D:12     | Found a labyrinth entrance.
 11194 | Lab      | Entered a labyrinth
 11855 | Lab      | Noticed a minotaur
 11874 | Lab      | Killed a minotaur
 11885 | Lab      | Got a twitching amber ring
 11948 | D:12     | Upgraded the game from 0.22-a0-456-g11ed031 to 0.22-a0-458-gb446440
 11964 | D:12     | Reached skill level 13 in Fighting
 11998 | D:12     | Identified the ring "Zinyg" {rElec MR+ Int+4} (You found it in a labyrinth)
 12377 | D:13     | Reached ***** piety under Qazlal
 12377 | D:13     | Noticed a two-headed ogre
 12387 | D:13     | Killed a two-headed ogre
 12418 | D:13     | Found a gate to the Vaults.
 12418 | D:13     | Noticed a two-headed ogre
 12418 | D:13     | Noticed a vault guard
 12418 | D:13     | Noticed a vault guard
 12418 | D:13     | Noticed a vault guard
 12418 | D:13     | Noticed a vault guard
 12435 | D:13     | Killed a vault guard
 12435 | D:13     | Reached XP level 13. HP: 87/89 MP: 18/18
 12439 | D:13     | Killed a vault guard
 12439 | D:13     | Reached skill level 14 in Fighting
 12472 | D:12     | Killed a vault guard
 12580 | D:13     | Found a blossoming altar of Fedhas.
 12632 | D:13     | Noticed Frances
 12654 | D:13     | Reached skill level 10 in Armour
 12686 | D:13     | Killed Frances
 12854 | D:13     | Killed a vault guard
 12859 | D:13     | Noticed Kirke
 12873 | D:13     | Killed Kirke
 13167 | D:13     | Noticed Rupert
 13236 | D:13     | Killed Rupert
 13673 | D:14     | Noticed Azrael
 13800 | Lair:1   | Entered Level 1 of the Lair of Beasts
 13971 | Lair:1   | Noticed Erica
 13985 | Lair:1   | Killed Erica
 14048 | Lair:1   | Noticed Sonja
 14215 | Lair:1   | Killed Sonja
 14456 | Lair:1   | Identified a scroll of acquirement
 14458 | Lair:1   | Found the +8 whip "Snakebite" {curare, rPois}
 15068 | Lair:2   | Gained mutation: Your large and strong wings let you fly indefinitely. [Gargoyle growth]
 15068 | Lair:2   | Reached XP level 14. HP: 96/96 MP: 21/21
 15075 | Lair:2   | Reached skill level 15 in Fighting
 15460 | Lair:3   | Reached skill level 10 in Invocations
 15925 | Lair:3   | Found a staircase to the Shoals.
 16501 | Lair:4   | Found a staircase to the Snake Pit.
 17282 | Lair:5   | Reached skill level 10 in Shields
 17875 | Lair:6   | Entered Level 6 of the Lair of Beasts
 18047 | Lair:6   | Reached skill level 16 in Fighting
 18135 | Lair:6   | Reached XP level 15. HP: 104/104 MP: 22/22
 18184 | Lair:6   | Noticed devnull's ghost (journeyman GnWr)
 18233 | Lair:6   | Killed devnull's ghost
 18385 | Lair:6   | Reached ****** piety under Qazlal
 18588 | Lair:6   | Found a staircase to the Slime Pits.
 19403 | Orc:1    | Entered Level 1 of the Orcish Mines
 19692 | Orc:1    | Found a roughly hewn altar of Beogh.
 19877 | Orc:1    | You fall through a shaft!
 19877 | Orc:2    | Entered Level 2 of the Orcish Mines
 19877 | Orc:2    | Found Wieho's General Store.
 19898 | Orc:2    | Found Wuteabeleu's Antique Armour Emporium.
 19920 | Orc:2    | Noticed an orc warlord
 20635 | D:14     | Killed Azrael
 20910 | Orc:2    | Found Xiotiowa's Book Emporium.
 20954 | Orc:2    | Reached XP level 16. HP: 53/112 MP: 16/23
 21113 | Orc:2    | Found a staircase to the Elven Halls.
 21114 | Orc:2    | Bought a pair of glowing gloves for 232 gold pieces
 21180 | Orc:2    | Found Icvir's Antique Weapon Boutique.
 21869 | Orc:2    | Bought scorched acid dragon scales for 1395 gold pieces
 21879 | Orc:2    | Identified the +4 acid dragon scales of the Insatiable Hells {rC+ rCorr} (You bought it in a shop on level 2 of the Orcish Mines)
 22079 | Shoals:1 | Entered Level 1 of the Shoals
 22144 | Shoals:1 | Reached skill level 17 in Fighting
 22729 | Shoals:2 | Noticed Polyphemus
 22983 | Shoals:2 | Killed Polyphemus
 23173 | Shoals:2 | Noticed Louise
 23175 | Shoals:2 | Cast into level 3 of the Abyss (Louise)
 23182 | Shoals:2 | Escaped the Abyss
 23205 | Shoals:2 | Killed Louise
 23811 | Shoals:2 | Found Oqaupt's Assorted Antiques.
 23820 | Shoals:2 | Bought a glowing hand crossbow for 214 gold pieces
 23945 | Shoals:3 | Noticed Aizul
 23946 | Shoals:3 | Reached skill level 1 in Crossbows
 23991 | Shoals:2 | Killed Aizul
 24104 | Shoals:3 | Reached skill level 15 in Shields
 24114 | Shoals:3 | Reached XP level 17. HP: 119/119 MP: 24/24
 24286 | Shoals:3 | Reached skill level 5 in Crossbows
 24393 | Shoals:3 | Noticed a kraken
 24404 | Shoals:3 | Killed a kraken
 24501 | Shoals:3 | Found Iciome's Book Shop.
 25075 | Shoals:4 | Entered Level 4 of the Shoals
 25080 | Shoals:4 | Noticed Bai Suzhen
 25177 | Snake:1  | Entered Level 1 of the Snake Pit
 25216 | Snake:1  | Noticed Josephine
 25238 | Snake:1  | Killed Josephine
 26032 | Snake:2  | Found a frozen archway.
 26073 | Snake:2  | Reached skill level 10 in Crossbows
 26078 | IceCv    | Entered an ice cave
 26978 | IceCv    | Noticed an Ice Fiend
 26982 | IceCv    | Killed an Ice Fiend
 26988 | IceCv    | Found the cursed necklace of Bloodlust {*Rage +Rage MR++ Int-3 Slay+6 *Curse}
 27141 | Snake:2  | Reached skill level 5 in Dodging
 27407 | Snake:2  | Reached XP level 18. HP: 100/124 MP: 25/25
 27874 | Snake:2  | Noticed Vashnia
 27924 | Snake:2  | Killed Vashnia
 28729 | D:10     | Bought a glowing plate armour for 598 gold pieces
 28993 | Shoals:4 | Reached skill level 1 in Evocations
 29120 | Shoals:4 | Noticed Ilsuiw
 29161 | Shoals:4 | Killed Ilsuiw
 29162 | Shoals:4 | Killed Bai Suzhen
 29169 | Shoals:4 | Reached skill level 18 in Fighting
 29271 | Shoals:4 | Got a vibrating graven amulet
 29502 | Shoals:4 | Identified the Tome of Assistive Changing
 29692 | Shoals:4 | Got a barnacled rune of Zot
 29921 | Shoals:4 | Reached XP level 19. HP: 126/131 MP: 26/26
 30641 | Snake:3  | Identified the amulet "Buomni" {Faith Str+2} (You found it on level 4 of the Shoals)
 30707 | Snake:3  | Found Dydwun's Distillery.
 30715 | Snake:3  | Bought a potion of heal wounds for 85 gold pieces
 30835 | Snake:3  | Reached skill level 5 in Evocations
 31029 | Snake:4  | Entered Level 4 of the Snake Pit
 31375 | Snake:4  | Reached skill level 15 in Armour
 31410 | Snake:4  | Reached skill level 19 in Fighting
 31692 | Snake:4  | Got a serpentine rune of Zot
 32123 | Slime:1  | Entered Level 1 of the Pits of Slime
 32963 | D:14     | Noticed Nessos
 33001 | D:14     | Killed Nessos
 33625 | D:15     | Entered Level 15 of the Dungeon
 33680 | D:15     | Reached XP level 20. HP: 136/140 MP: 27/27
 34191 | D:15     | Reached skill level 20 in Fighting
 34287 | D:15     | Found a staircase to the Depths.
 35084 | Vaults:1 | Entered Level 1 of the Vaults
 35299 | Vaults:1 | Paralysed by a floating eye for 2 turns
 35368 | Vaults:1 | Found Onwy's Weapon Shoppe.
 36468 | Vaults:2 | Noticed Mennas
 36569 | Vaults:1 | Killed Mennas
 36569 | Vaults:1 | Reached skill level 21 in Fighting
 36582 | Vaults:1 | Got an encrusted large shield
 36593 | Vaults:1 | Identified the cursed -3 large shield of Zigh {rElec rPois Dex+2} (You took it off Mennas on level 1 of the Vaults)
 37019 | Vaults:2 | Reached XP level 21. HP: 108/148 MP: 28/28
 38123 | Vaults:3 | Found Ruowatus's General Store.
 38390 | Vaults:3 | Noticed Jory
 38450 | Vaults:3 | Killed Jory
 39041 | Vaults:3 | Reached skill level 22 in Fighting
 39245 | Vaults:3 | Noticed Boris
 39587 | Vaults:3 | Found a staircase to the Crypt.
 40317 | Vaults:4 | Reached XP level 22. HP: 107/158 MP: 22/29
 40712 | Vaults:4 | Got a heavily runed scale mail
 40765 | Vaults:4 | Identified the cursed +1 scale mail of Nueff {rF+} (You found it on level 4 of the Vaults)
 41627 | Vaults:5 | Entered Level 5 of the Vaults
 41649 | Vaults:5 | Noticed a golden dragon
 42122 | Vaults:5 | Paralysed by a sphinx for 6 turns
 42327 | Vaults:5 | Reached XP level 23. HP: 144/164 MP: 32/34
 42372 | Vaults:5 | Got a glittering iron ring
 42392 | Vaults:5 | Got a transparent plate armour
 42422 | Vaults:5 | Got a crude plate armour
 42424 | Vaults:5 | Identified the +3 plate armour of Least Resistance {MR+} (You found it on level 5 of the Vaults)
 42425 | Vaults:5 | Identified the +4 plate armour of Vanity {+Inv rC+ MR+ Str+2} (You found it on level 5 of the Vaults)
 42426 | Vaults:5 | Identified the ring "Koch" {+Blink rPois rC+++ MR- Str+3} (You took it off a fire giant on level 5 of the Vaults)
 42427 | Vaults:5 | Identified the +5 scale mail of Inference {rC- rN++ Regen+ Stlth+} (You found it on level 5 of the Vaults)
 42431 | Vaults:5 | Identified the +4 scale mail of Ugguus {rPois rCorr} (You found it on level 5 of the Vaults)
 42432 | Vaults:5 | Identified the Disquisition on Lucky Necromancy
 42457 | Vaults:5 | Got a distressingly furry chain mail
 42610 | Vaults:5 | Identified the +1 chain mail "Guschiam" {rC- rN+ Dex+4} (You found it on level 5 of the Vaults)
 42640 | Vaults:5 | Reached skill level 15 in Invocations
 43324 | Vaults:5 | Noticed a golden dragon
 43334 | Vaults:5 | Killed a golden dragon
 43490 | Vaults:5 | Got a silver rune of Zot
 43543 | Vaults:5 | Killed a golden dragon
 43631 | Vaults:5 | Reached skill level 15 in Maces & Flails
 43711 | Vaults:5 | Got a brightly glowing pewter ring
 44369 | Depths:1 | Entered Level 1 of the Depths
 44754 | Depths:1 | Found a gateway to Hell.
 44840 | Depths:1 | Found a portal to a secret trove of treasure.
 45243 | Depths:2 | Noticed the Enchantress
 45264 | Depths:2 | Killed the Enchantress
 45293 | Depths:2 | Reached XP level 24. HP: 86/170 MP: 30/35
 45429 | Depths:2 | Got faerie dragon scales
 45447 | Depths:1 | Identified the +2 faerie dragon scales {rCorr Dex+3} (You took it off the Enchantress on level 2 of the Depths)
 45520 | Depths:2 | Reached skill level 23 in Fighting
 45522 | Depths:2 | Got a crystal mace
 45668 | Depths:2 | Identified the +7 mace of Action {speed, rElec rC+ Dex+5} (You found it on level 2 of the Depths)
 45753 | Depths:2 | Identified the ring of Eplel {rC- MR+ Int+3 Dex+4 Stlth+} (You took it off a yaktaur captain on level 5 of the Vaults)
 46217 | Depths:2 | Paralysed by a salamander for 2 turns
 46226 | Depths:2 | Paralysed by a salamander for 3 turns
 46367 | Depths:2 | Identified the cursed -1 pair of boots "Zonesuxzots" {rF+ Str+2 Int+3} (You found it on level 2 of the Depths)
 46673 | Depths:2 | Identified the amulet "Dootim" {RegenMP -Tele rPois Str+2} (You found it on level 2 of the Depths)
 46862 | Vaults:1 | Bought the +10 fustibalus of Wosyerch {speed, rPois Str-3 Dex+2} for 1852 gold pieces
 46862 | Vaults:1 | that was a waste :/
 47038 | Depths:2 | Found a one-way gate to the infinite horrors of the Abyss.
 47699 | Depths:3 | Paralysed by something for 6 turns
 47733 | Depths:3 | Killed a caustic shrike
 47741 | Depths:3 | Noticed Frederick
 47767 | Depths:3 | Killed Frederick
 47983 | Depths:3 | Noticed a caustic shrike
 47996 | Depths:3 | Killed a caustic shrike
 47999 | Depths:3 | Noticed a caustic shrike
 48041 | Depths:3 | Killed a caustic shrike
 48041 | Depths:3 | Reached XP level 25. HP: 124/176 MP: 29/35
 48113 | Depths:3 | Paralysed by a sphinx for 3 turns
 48259 | Depths:3 | Cast into level 2 of the Abyss (a deep elf demonologist)
 48285 | Abyss:2  | Found a corrupted altar of Lugonu.
 48356 | Abyss:2  | Gained mutation: [Your magical capacity is low. (-10% MP)] [a neqoxec]
 48415 | Abyss:2  | Lost mutation: [Your magical capacity is extremely low. (-30% MP)] [potion of mutation]
 48415 | Abyss:2  | Gained mutation: Your muscles are strong. (Str +2) [potion of mutation]
 48712 | Abyss:2  | Paralysed by accursed screaming for 1 turns
 48713 | Abyss:2  | HP: 2/123 [starcursed mass/accursed screaming (10)]
 48714 | Abyss:2  | Killed from afar by a starcursed mass

Vault maps used:
D:1:      dpeg_cavernosity
D:4:      lemuel_round_altar
D:5:      kennysheep_mini_moat, tgw_sif, lemuel_round_altar, first_ration
D:6:      hangedman_glass_teeth, uniq_blork_the_orc, uniq_edmund
D:7:      lemuel_doored_altar, minmay_temple_entry_grid
D:8:      gammafunk_temple_overflow_pools, okawaru_metal_pillars_3,
          serial_shops, shop
D:9:      hangedman_ranch
D:10:     lair_entry_dummy, serial_shops, shop, uniq_fannar
D:11:     hangedman_abyss_or_decor_stagger, bloody_trog, uniq_psyche,
          uniq_maurice
D:12:     hiddenorc1_lemuel, lab_entry_generic, eino_house_with_fridge
D:13:     lightli_vaults_fourway_checkpoint, fedhas_altar_2, uniq_kirke,
          uniq_rupert, uniq_frances
D:14:     minivault_25, uniq_azrael, uniq_nessos
D:15:     grunt_enter_depths_snipers, minmay_misc_feat_tiny
Lair:1:   patterned_corridor, uniq_erica, uniq_sonja
Lair:2:   serial_bayou_pond_c, nicolae_quartered_pool_super
Lair:3:   shoals_dummy_entry, minivault_11, infiniplex_staircase_pool
Lair:4:   minmay_snake_entry_six_corridors, beast_lair_carwin_7
Lair:6:   minmay_lair_end_enchanted_forest, minmay_slime_entry_pillars
Shoals:2: cheibrodos_shoals_roost, serial_shops, shop,
          nicolae_shoals_arrival_archipelago, uniq_polyphemus, uniq_louise
Shoals:3: serial_shops, shop, uniq_aizul
Shoals:4: shoals_end_simple, shoal_ilsuiw, uniq_bai_suzhen
Snake:1:  uniq_josephine
Snake:2:  portal_ice_cave_entry_pillars_1, uniq_vashnia
Snake:3:  serial_shops, nicolae_shop_trees, st_stairs_11
Snake:4:  minmay_snake_end_coiled
Orc:1:    minmay_orc_temple_c
Orc:2:    grunt_orc_gardens, grunt_orc_garden, grunt_orc_garden,
          grunt_orc_garden, grunt_orc_garden, nicolae_orc_pool_cavern
Vaults:1: vaults_room_stairs_pillars, vaults_standard_mumra_x, v_rooms_6,
          nicolae_vaults_asterisk, vaults_dpeg_doors, v_rooms_6,
          nicolae_vaults_hallways_thing, vaults_mumra_minichess,
          grunt_vaults_twisty, nicolae_vaults_ninety_degrees, v_misc_24,
          vaults_dpeg_hooks, nicolae_vaults_circle_grid_b, st_cells,
          serial_shops, shop_statue
Vaults:2: nicolae_vaults_little_squares_5, grunt_vaults_funnel,
          ontoclasm_vaults_pinch, nicolae_vaults_mini_display_case,
          v_alt_pattern_2, nicolae_vaults_back_hallway, v_misc_30,
          vaults_room_grid, hangedman_vaults_nails, vaults_dpeg_encased_lava,
          vaults_room_semicircle, nicolae_vaults_know_your_exits,
          nicolae_vaults_big_angled_halls, nicolae_vaults_little_squares_2,
          ontoclasm_vaults_loading_screen, nicolae_vaults_asterisk,
          nicolae_vaults_border_crossing, uniq_mennas
Vaults:3: vaults_room_grunt_arrival_checkpoint, v_rooms_4, v_rooms_3,
          ontoclasm_vaults_tryst, ontoclasm_vaults_ring_square,
          nicolae_vaults_windows_and_doors_thing, v_misc_25, vaults_room_pool,
          ontoclasm_vaults_chip, blue_anna_dwarven_crypt, serial_shops,
          nicolae_shop_temple_entry_statues_fountains, uniq_jory, uniq_boris
Vaults:4: hangedman_vaults_capsules, nicolae_vaults_minivaults,
          vaults_mumra_hexcomb, nicolae_vaults_diagonal_hallway_7,
          hangedman_vaults_impose, dpeg_vaults_monster_box
Vaults:5: serial_shops
Depths:1: grunt_mini_vestibule, nicolae_trove_entry_path_of_doom,
          wad_rectangle_vault, minmay_shoptagon
Depths:2: cheibrodos_poisonous_passages, hell_entry, abyss_entry,
          grunt_decor_fettered, grunt_ministairs_8,
          hangedman_abyss_or_decor_clamps, minmay_staircase_windowed_small,
          uniq_enchantress
Depths:3: grunt_profane_halls, pan_entry, hell_entry, uniq_asterion,
          uniq_frederick
Lab:      labyrinth_spiral, nicolae_lab_garden, nicolae_lab_diamond,
          nicolae_lab_flowing_pool, nicolae_lab_stuck, nicolae_lab_checkerboard,
          nicolae_lab_arrow, nicolae_lab_big_swirl
IceCv:    ice_cave_caverns_02

Skill      XL: |  1  2  3  4  5  6  7  8  9 10 11 12 13 14 15 16 17 18 19 20 21 22 23 24 |
---------------+-------------------------------------------------------------------------+-----
Maces & Flails | 3 4 5 6 8 10 11 12 13 14 16 | 16.0
Fighting       | 4 5 6 7 9 11 13 14 16 17 18 19 21 22 23 | 23.2
Dodging        | 1 2 5 8 |  8.6
Armour         | 5 7 8 9 11 12 13 14 16 18 19 20 | 20.4
Invocations    | 4 7 9 10 14 16 | 16.0
Shields        | 6 8 10 13 15 19 | 19.5
Crossbows      | 2 10 | 10.0
Evocations     | 4 5 8 |  8.0

Action                   |  1- 3 |  4- 6 |  7- 9 | 10-12 | 13-15 | 16-18 | 19-21 | 22-24 | 25-27 || total
-------------------------+-------+-------+-------+-------+-------+-------+-------+-------+-------++-------
Melee: Flail             |   176 |   221 |   344 |    34 |    17 |       |       |       |       ||   792
       Whip              |       |       |       |   867 |  1600 |  1901 |  2348 |  1447 |    78 ||  8241
       Mace              |       |       |       |       |    11 |     9 |   122 |   265 |       ||   407
       Morningstar       |       |       |       |       |       |       |       |   185 |    72 ||   257
 Fire: Hunting sling     |       |       |    38 |    13 |     8 |       |       |       |       ||    59
       Hand crossbow     |       |       |       |       |       |   161 |    49 |   153 |       ||   363
Throw: Javelin           |       |       |       |     4 |     9 |    15 |       |       |       ||    28
Invok: Upheaval          |       |       |       |     6 |    22 |    29 |    33 |    38 |       ||   128
       Elemental Force   |       |       |       |     3 |     3 |     1 |     4 |     1 |       ||    12
       Disaster Area     |       |       |       |       |     1 |     1 |     1 |     5 |       ||     8
 Abil: Fly               |       |       |       |       |       |     1 |       |       |       ||     1
Evoke: Wand              |       |     2 |     8 |    17 |     4 |     2 |    23 |    12 |     2 ||    70
       Lamp of fire      |       |       |       |       |     1 |       |       |     1 |       ||     2
       Phial of floods   |       |       |       |       |     1 |       |       |       |       ||     1
       Fan of gales      |       |       |       |       |       |       |       |     1 |       ||     1
  Use: Potion            |       |     4 |     3 |     1 |     7 |     4 |     5 |     7 |     2 ||    33
       Scroll            |       |       |     6 |    13 |    17 |    28 |    12 |    17 |     4 ||    97
 Stab: Sleeping          |       |     1 |       |       |       |       |       |       |       ||     1
       Petrified         |       |       |       |       |     7 |     1 |       |       |       ||     8
       Distracted        |       |       |       |       |       |     1 |     1 |     2 |       ||     4
       Paralysed         |       |       |       |       |       |       |       |     3 |     2 ||     5
  Eat: Chunk             |     1 |     5 |     6 |    11 |     7 |     3 |     9 |     5 |     1 ||    48
       Ration            |       |     1 |     2 |     4 |     6 |     8 |     8 |     6 |     1 ||    36
Armor: Scale mail        |   107 |   107 |       |   205 |   472 |     2 |       |       |       ||   893
       Leather armour    |       |    17 |    24 |       |       |       |       |       |       ||    41
       Plate armour      |       |       |   136 |    71 |       |   185 |   453 |   762 |   134 ||  1741
       Acid dragon scale |       |       |       |       |       |   484 |   194 |       |       ||   678
Dodge: Dodged            |    64 |    61 |    50 |   114 |   297 |   405 |   280 |   333 |    46 ||  1650
       Deflected         |       |       |       |     2 |     5 |    61 |    44 |    30 |     5 ||   147
Block: Shield            |   105 |    91 |   170 |   442 |  1068 |   321 |       |       |       ||  2197
       Large shield      |       |       |       |       |       |  2002 |  2267 |  1958 |   293 ||  6520
       Reflection        |       |       |       |       |       |       |       |    55 |     7 ||    62

Table legend:
 A = Spawn XP
 B = Non-spawn XP
 C = Spawn XP percentage of total XP
 D = Spawn monster count
 E = Non-spawn monster count
 F = Spawn count percentage of total count
 G = Total turns spent on level
                    A         B        C        D         E        F      G
               +---------+---------+-------+---------+---------+-------+---------
         Total |    2293 |  976153 |   0.2 |       7 |    1932 |   0.4 | 48714
               +---------+---------+-------+---------+---------+-------+---------
           D:1 |       0 |      40 |   0.0 |       0 |      25 |   0.0 |   560
           D:2 |       0 |      14 |   0.0 |       0 |      10 |   0.0 |   474
           D:3 |       0 |     114 |   0.0 |       0 |      25 |   0.0 |   491
           D:4 |       0 |     158 |   0.0 |       0 |      14 |   0.0 |   597
           D:5 |       0 |     208 |   0.0 |       0 |      11 |   0.0 |  1654
           D:6 |       0 |     932 |   0.0 |       0 |      35 |   0.0 |  2107
           D:7 |       0 |    1279 |   0.0 |       0 |      27 |   0.0 |  1227
           D:8 |       0 |    4832 |   0.0 |       0 |      31 |   0.0 |   879
           D:9 |       0 |    4273 |   0.0 |       0 |      29 |   0.0 |   978
          D:10 |       0 |    4661 |   0.0 |       0 |      34 |   0.0 |  1411
          D:11 |       0 |    3901 |   0.0 |       0 |      46 |   0.0 |   785
          D:12 |       0 |    8458 |   0.0 |       0 |      69 |   0.0 |  1134
          D:13 |       0 |   14983 |   0.0 |       0 |      29 |   0.0 |  1648
          D:14 |       0 |   15447 |   0.0 |       0 |      43 |   0.0 |  1004
          D:15 |       0 |   18430 |   0.0 |       0 |      45 |   0.0 |  1678
        Lair:1 |       0 |    4666 |   0.0 |       0 |      18 |   0.0 |   936
        Lair:2 |       0 |    3848 |   0.0 |       0 |      14 |   0.0 |   847
        Lair:3 |       0 |   10341 |   0.0 |       0 |      35 |   0.0 |  1130
        Lair:4 |       0 |    8045 |   0.0 |       0 |      33 |   0.0 |  1093
        Lair:5 |       0 |    6599 |   0.0 |       0 |      25 |   0.0 |   982
        Lair:6 |       0 |   24145 |   0.0 |       0 |      96 |   0.0 |  1270
      Shoals:1 |       0 |   18576 |   0.0 |       0 |      32 |   0.0 |  1198
      Shoals:2 |       0 |   19848 |   0.0 |       0 |      30 |   0.0 |   675
      Shoals:3 |       0 |   27957 |   0.0 |       0 |      47 |   0.0 |  1110
      Shoals:4 |       0 |   46491 |   0.0 |       0 |      67 |   0.0 |  1442
       Snake:1 |       0 |   16134 |   0.0 |       0 |      33 |   0.0 |   676
       Snake:2 |       0 |   33319 |   0.0 |       0 |      45 |   0.0 |  1351
       Snake:3 |       0 |   19745 |   0.0 |       0 |      39 |   0.0 |   931
       Snake:4 |       0 |   49937 |   0.0 |       0 |      91 |   0.0 |   932
       Slime:1 |       0 |    8667 |   0.0 |       0 |      19 |   0.0 |   585
       Slime:2 |       0 |    2279 |   0.0 |       0 |       1 |   0.0 |    19
         Orc:1 |       0 |    6249 |   0.0 |       0 |      42 |   0.0 |   641
         Orc:2 |       0 |   16399 |   0.0 |       0 |      68 |   0.0 |  1311
      Vaults:1 |       0 |   65021 |   0.0 |       0 |      81 |   0.0 |  1661
      Vaults:2 |       0 |   26182 |   0.0 |       0 |      46 |   0.0 |  1437
      Vaults:3 |       0 |   64160 |   0.0 |       0 |     103 |   0.0 |  1961
      Vaults:4 |       0 |   70675 |   0.0 |       0 |     101 |   0.0 |  1867
      Vaults:5 |       0 |  139593 |   0.0 |       0 |     111 |   0.0 |  2301
      Depths:1 |       0 |   38865 |   0.0 |       0 |      50 |   0.0 |   822
      Depths:2 |       0 |   84273 |   0.0 |       0 |      87 |   0.0 |  1872
      Depths:3 |       0 |   72810 |   0.0 |       0 |      74 |   0.0 |   847
       Abyss:2 |    2293 |     695 |  76.7 |       7 |       5 |  58.3 |   455
           Lab |       0 |    2954 |   0.0 |       0 |       9 |   0.0 |   694
         IceCv |       0 |    9950 |   0.0 |       0 |      57 |   0.0 |  1034
               +---------+---------+-------+---------+---------+-------+---------
